 Dungeon Crawl Stone Soup version 0.32-a0-705-g60f233581c (webtiles) character file.

Game seed: 12201785783414549410

84 jasper the Digger (level 4, -4/30 HPs)
             Began as a Coglin Earth Elementalist on Mar 14, 2024.
             Succumbed to a scorpion's poison
             ... on level 3 of the Dungeon.
             The game lasted 00:02:38 (2062 turns).

jasper the Digger (Coglin Earth Elementalist)       Turns: 2062, Time: 00:02:39

Health: -4/30      AC:  2    Str:  8    XL:     4   Next: 46%
Magic:  1/6        EV: 11    Int: 17    God:
Gold:   174        SH:  0    Dex: 14    Spells: 2/6 levels left

rFire   . . .        c - +0 falchion {Balvinder}
rCold   . . .        d - +0 rapier {Zorawar}
rNeg    . . .        a - +0 robe
rPois   .            (no helmet)
rElec   .            (no cloak)
rCorr   .            (no gloves)
SInv    .            (no boots)
Will    .....        (amulet unavailable)
Stlth   ++           (ring unavailable)
HPRegen 0.25/turn    (ring unavailable)
MPRegen 0.10/turn    (no gizmo)

%: no passive effects
@: lethally poisoned (-4 -> -21), revved
A: off-hand wielding, slow wielding, warmup strikes, no jewellery
a: Invent Gizmo


You were on level 3 of the Dungeon.
You visited 1 branch of the dungeon, and saw 3 of its levels.

You collected 174 gold pieces.

Inventory:

Hand Weapons
 c - a +0 falchion (weapon) {Balvinder}
 d - a +0 rapier (offhand) {Zorawar}
Armour
 a - a +0 robe (worn)
Scrolls
 f - a scroll of amnesia {unknown}
 i - a scroll of fear {unknown}
 k - 2 scrolls of immolation {unknown}
 l - 2 scrolls of identify {unknown}
 m - a scroll of blinking {unknown}
 n - a scroll of teleportation {unknown}
Potions
 b - 2 potions of magic
 e - a potion of lignification {unknown}
 g - a potion of attraction {unknown}
 h - a potion of degeneration {unknown}
 j - 2 potions of curing {unknown}
 o - a potion of mutation {unknown}
 p - a potion of enlightenment {unknown}


   Skills:
 - Level 1.7 Dodging
 - Level 1.5 Stealth
 - Level 1.7 Spellcasting
 - Level 0.8 Conjurations
 + Level 4.6 Earth Magic


You had 2 spell levels left.
You knew the following spells:

 Your Spells              Type           Power      Damage    Failure   Level
a - Sandblast             Erth           34%        2d9       3%          1
b - Passwall              Erth           17%        N/A       9%          3

Your spell library contained the following spells:

 Spells                   Type           Power      Damage    Failure   Level
 Stone Arrow              Conj/Erth      20%        3d8       19%         3
 Brom's Barrelling Bould  Conj/Erth      10%        2d3       54%         4
 Petrify                  Alch/Erth      9%         N/A       58%         4


Dungeon Overview and Level Annotations

Branches:
Dungeon (3/15)

Altars:


Innate Abilities, Weirdness & Mutations

You can wield a second weapon in your off-hand.
It takes a long time for you to wield or remove held weapons.
Your first few attacks do less damage.
You cannot equip rings or amulets.


Message History

You kill the adder!
The scorpion stings you.
You take 3 damage, and have 24/30 hp.
You now have 1/6 mp.
Aiming: Sandblast (safe; 3% risk of failure)
Press: ? - help, Q - select action Shift-Dir - straight line, f - scorpion
Aim: a scorpion (82% to hit)
The blast of sand hits the scorpion.
The scorpion is lightly wounded.
The scorpion barely misses you. The scorpion stings you.
You take 1 damage, and have 23/30 hp.
You now have 0/6 mp.
You closely miss the scorpion with your +0 falchion.
The scorpion is lightly wounded.
You hit the scorpion with your +0 rapier.
The scorpion stings you.
You are poisoned.
The scorpion poisons you!
You take 4 damage, and have 19/30 hp.
You hit the scorpion with your +0 rapier.
The scorpion is heavily wounded.
You hit the scorpion with your +0 falchion.
You feel very sick. The scorpion stings you.
* * * LOW HITPOINT WARNING * * *
The scorpion stings you.
* * * LOW HITPOINT WARNING * * *
You take 14 damage, and have 5/30 hp.
MASSIVE DAMAGE!!
You hit the scorpion with your +0 rapier.
The scorpion is heavily wounded.
You closely miss the scorpion with your +0 falchion.
* * * LOW HITPOINT WARNING * * *
You feel very sick. The scorpion stings you.
* * * LOW HITPOINT WARNING * * *
You are more poisoned.
The scorpion poisons you!
You take 4 damage, and have 1/30 hp.
You hit the scorpion with your +0 falchion.
The scorpion is severely wounded.
You barely miss the scorpion with your +0 rapier.
You die...

..#.......# #.#
#..........# .# ...?#
###....###... ....
#....# #..# #...
#....# ... ... ##.. #
#.. .# ##### #s# ..
....# ####@##.# ....#
#.......#
....############.####
.......#.........#
####.#.###.#######
#.#..)..# #.#.#####
#.#.# ..#.#


You could see a scorpion.

Vanquished Creatures
  Natasha (D:3)
  An adder (D:3)
  2 dart slugs
  8 ball pythons
  2 endoplasms (D:2)
  2 giant cockroaches
  9 goblins
  7 hobgoblins
  2 kobolds
  A quokka (D:3)
  3 bats
  2 frilled lizards
  A rat (D:2)
41 creatures vanquished.

Notes
Turn   | Place    | Note
-------+----------+-------------------------------------------
     0 | D:1      | jasper the Coglin Earth Elementalist began the quest for
                  | the Orb.
     0 | D:1      | Reached XP level 1. HP: 13/13 MP: 3/3
   147 | D:1      | Reached skill level 3 in Earth Magic
   250 | D:1      | Reached XP level 2. HP: 19/19 MP: 2/4
  1114 | D:2      | Reached XP level 3. HP: 24/24 MP: 2/5
  1521 | D:2      | Noticed a scorpion
  1719 | D:3      | Reached skill level 4 in Earth Magic
  1946 | D:3      | Noticed Natasha
  1954 | D:3      | Killed Natasha
  1955 | D:3      | Reached XP level 4. HP: 14/30 MP: 1/6
  1959 | D:3      | Learned a level 3 spell: Passwall
  2054 | D:3      | Noticed a scorpion
  2061 | D:3      | HP: 1/30 [scorpion (2)]
  2062 | D:3      | Succumbed to a scorpion's poison

Illustrated notes

Levels and vault maps discovered:
D:1:      psy_arrival_statuary, layout_basic
D:2:      layout_loops_ring, lightli_corner_chamber
D:3:      layout_basic, wad_rectangle_vault, uniq_natasha

Skill      XL: |  1  2  3 |
---------------+----------+-----
Earth Magic    | 3 4 |  4.6
Dodging        | |  1.7
Stealth        | |  1.5
Spellcasting   | |  1.7
Conjurations   | |  0.8

Action                     |  1- 3 |  4- 6 || total
---------------------------+-------+-------++-------
  Melee: Falchion          |    15 |     4 ||    19
         Rapier            |    13 |     4 ||    17
   Cast: Sandblast         |    50 |     7 ||    57
 Armour: Robe              |    18 |     7 ||    25
  Dodge: Dodged            |    16 |     4 ||    20

Table legend: (Time is in decaauts)
 A = Elapsed time spent in this place.
 B = Non-inter-level travel time spent in this place.
 C = Inter-level travel time spent in this place.
 D = Time resting spent in this place.
 E = Time spent auto-exploring this place.
 F = Levels seen in this place.
 G = Mean time per level.
                   A        B        C        D        E       F      G
               +--------+--------+--------+--------+--------+-----+--------+
         Total |   2095 |   2037 |     58 |      0 |   1759 |   3 |  698.3 |
       Dungeon |   2095 |   2037 |     58 |      0 |   1759 |   3 |  698.3 |
               +--------+--------+--------+--------+--------+-----+--------+

Top non-repeatable levels by time:
     D:1: 876 daAuts
     D:2: 745 daAuts
     D:3: 474 daAuts
